 Dungeon Crawl Stone Soup version 0.19-a0-1792-g28b16ba (webtiles) character file.

106 Fraydo the Ruffian (level 4, -1/40 HPs)
             Began as a Ghoul Monk on Oct 5, 2016.
             Slain by a bullfrog zombie (5 damage)
             ... on level 3 of the Dungeon.
             The game lasted 00:05:31 (1968 turns).

Fraydo the Ruffian (Ghoul Monk)                     Turns: 1968, Time: 00:05:32

Health: -1/40      AC:  4    Str: 14    XL:     4   Next: 84%
Magic:  3/3        EV: 12    Int:  5    God:
Gold:   189        SH:  0    Dex: 12    Spells: 0 memorised, 3 levels left

rFire  . . .     SeeInvis .       - Unarmed
rCold  + . .     Gourm    .     f - +1 leather armour
rNeg   + + +     Faith    .     (no shield)
rPois  ∞         Spirit   .     (no helmet)
rElec  .         Dismiss  .     (no cloak)
rCorr  .         Reflect  .     (no gloves)
MR     .....     Harm     .     (no boots)
Stlth  ++........ Rnd*Tele +    (no amulet)
                                h - ring of teleportation (curse)
                                m - ring of teleportation (curse)

@: rotting
A: rotting body, claws 1, carnivore 3, cold resistance 1, negative energy
resistance 3, slow regeneration 1, torment resistance, unbreathing
a: no special abilities


You were on level 3 of the Dungeon.
You were not hungry.

You visited 1 branch of the dungeon, and saw 3 of its levels.

You collected 189 gold pieces.

Inventory:

Missiles
 d - 6 javelins (quivered)
 q - a throwing net
Armour
 f - a +1 leather armour (worn)
Jewellery
 h - a cursed ring of teleportation (right claw)
 m - a cursed ring of teleportation (left claw)
Scrolls
 a - a scroll of remove curse {unknown}
 c - a scroll of enchant weapon {unknown}
 g - 3 scrolls of identify
Potions
 e - a potion of agility {unknown}
 i - 2 potions of curing {unknown}
 j - a potion of cancellation
 k - a potion of degeneration {unknown}
 o - a potion of berserk rage {unknown}
Books
 n - a book of Cantrips

   Spells                             Type                      Level
   a - Confusing Touch                Hexes                        1
   b - Animate Skeleton               Necromancy                   1
   c - Summon Small Mammal            Summoning                    1
   d - Apportation                    Translocation                1
Comestibles
 b - 2 meat rations
 l - a slice of pizza
 p - a chunk of flesh


   Skills:
 + Level 3.8 Fighting
 + Level 0.1 Throwing
 + Level 0.6 Armour
 - Level 2.6 Dodging
 + Level 3.1 Stealth
 * Level 4.9 Unarmed Combat


You had 3 spell levels left.
You didn't know any spells.

Dungeon Overview and Level Annotations

Branches:
Dungeon (3/15)

Altars:
Dithmenos
Qazlal
Sif Muna
Trog
Uskayaw
Vehumet
Xom
Zin


Innate Abilities, Weirdness & Mutations

Your body is rotting away.
You thrive on raw meat.
You are immune to poison.
You have sharp fingernails.
You are carnivorous and can eat meat at any time.
Your flesh is cold resistant. (rC+)
You are immune to negative energy. (rN+++)
You regenerate slowly when monsters are visible.
You are immune to unholy pain and torment.
You can survive without breathing.


Message History

You start eating one of the 2 chunks of flesh.
The bullfrog zombie misses you.
Keep eating?
You continue eating.
The bullfrog zombie hits you but does no damage.
The dart slug launches a dart at you. The slug dart misses you.
The slug dart hits the bullfrog zombie.
The bullfrog zombie hits you.
* * * LOW HITPOINT WARNING * * *
You continue eating.
The bullfrog zombie hits you but does no damage.
You finish eating.
This raw flesh tastes great!
Okay, then.
Eat a chunk of flesh? (ye/n/q)
You start eating the chunk of flesh.
The bullfrog zombie hits you.
Keep eating?
* * * LOW HITPOINT WARNING * * *
You continue eating.
The bullfrog zombie hits you.
You die...

#.#.#.#.#.#+#.#.#.# #.#
..#.#.#.#.....#.#.#.#.#.
...+#.#.#.#...(+#.#.#.#
# ... #.#.#.#.....#
#.#+#. . ..
..#.#.#$#.#.#.# #. #
..#.#.#...#.#... .
...#####...###.. ..
#............ ≈
#...Z@.?w.... ##.≈≈≈
#............ ##≈≈≈≈≈
#............ #≈≈≈≈≈#
.....#######... .≈≈≈≈≈≈
.....$ ... ≈w≈≈≈≈≈
#...... .# ≈≈≈≈≈≈
....... #≈) _...... (♣
#.


You could see a dart slug and a bullfrog zombie.

Vanquished Creatures
  2 adders (D:2)
  2 oozes
  4 dart slugs (D:3)
  2 leopard geckos (D:3)
  3 orcs
  4 bats
  4 giant cockroaches
  8 goblins
  11 hobgoblins
  3 jackals (D:1)
  9 kobolds
  2 ball pythons
  5 frilled lizards
  5 rats
64 creatures vanquished.

Notes
Turn   | Place    | Note
-------+----------+-------------------------------------------
     0 | D:1      | Fraydo the Ghoul Monk began the quest for the Orb.
     0 | D:1      | Reached XP level 1. HP: 19/19 MP: 0/0
   223 | D:1      | Reached XP level 2. HP: 25/26 MP: 1/1
   327 | D:1      | Reached skill level 4 in Unarmed Combat
   494 | D:1      | Reached XP level 3. HP: 31/31 MP: 2/2
  1146 | D:2      | Reached XP level 4. HP: 36/38 MP: 3/3
  1351 | D:2      | Found a shimmering altar of Xom.
  1353 | D:2      | Found a deep blue altar of Sif Muna.
  1353 | D:2      | Found a glowing silver altar of Zin.
  1353 | D:2      | Found a shadowy altar of Dithmenos.
  1353 | D:2      | Found a hide-covered altar of Uskayaw.
  1354 | D:2      | Found a radiant altar of Vehumet.
  1354 | D:2      | Found a stormy altar of Qazlal.
  1355 | D:2      | Found a bloodstained altar of Trog.
  1947 | D:3      | Found a shadowy altar of Dithmenos.
  1965 | D:3      | HP: 2/40 [bullfrog zombie (2)]
  1968 | D:3      | Slain by a bullfrog zombie

Vault maps used:
D:1:      dpeg_arrival_water_fire
D:2:      minitemple
D:3:      kennysheep_slugbush, first_bread, grunt_dithmenos_smoke

Skill      XL: |  1  2  3  4 |
---------------+-------------+-----
Unarmed Combat | 4 |  4.9
Stealth        | 3 |  3.1
Fighting       | |  3.8
Throwing       | |  0.1
Armour         | |  0.6
Dodging        | |  2.6

Action                   |  1- 3 |  4- 6 || total
-------------------------+-------+-------++-------
Melee: Unarmed           |   112 |    66 ||   178
       Punch             |     1 |     2 ||     3
Throw: Javelin           |     4 |       ||     4
  Use: Scroll            |     5 |       ||     5
 Stab: Sleeping          |     3 |     6 ||     9
  Eat: Chunk             |    15 |     5 ||    20
Armor: Robe              |    14 |       ||    14
       Leather armour    |    20 |    17 ||    37
Dodge: Dodged            |    55 |    50 ||   105
